 Dungeon Crawl Stone Soup version 0.18-a0-1577-gf591c28 (webtiles) character file.

256276 Chiseanne the Evocator (level 19, -4/96 HPs)
             Began as a Spriggan Assassin on Mar 22, 2016.
             Was an Initiate of Gozag.
             Engulfed by Xtahua's flame (6 damage)
             ... on level 2 of the Vaults on Mar 23, 2016.
             The game lasted 04:00:04 (45340 turns).

Chiseanne the Evocator (Spriggan Assassin)         Turns: 45340, Time: 04:00:04

Health: -4/96      AC:  9    Str:  9    XL:     19   Next: 7%
Magic:  53/53      EV: 41    Int: 15    God:    Gozag
Gold:   2784       SH: 17    Dex: 33    Spells: 12 memorised, 11 levels left

rFire  + + .     SeeInvis +     a - +9 short sword of Absolution {pierce, rC- MR+ MP+9}
rCold  + . .     Gourm    .     M - +2 robe {rC+ rF+}
rNeg   + . .     Faith    .     K - +2 buckler "Cufigguw" {rN+}
rPois  +         Spirit   .     P - +2 hat
rElec  +         Dismiss  .     u - +2 cloak {+Inv}
rCorr  +         Reflect  +     (gloves unavailable)
SustAt .         Harm     .     (boots unavailable)
MR     +++++                    l - +3 amulet of reflection
Stlth  ++++++++++               T - ring of poison resistance
                                n - ring "Fodwew" {MR+ MP+9 Str+2 Dex+3 Slay+2}

@: agile, resistant, gold aura, drained, very quick, almost entirely resistant
to hostile enchantments, uncannily stealthy
A: unfitting armour, see invisible, clever 1, herbivore 3, speed 3, screaming 1,
slow metabolism 2
a: Potion Petition, Call Merchant, Bribe Branch, Renounce Religion, Evoke
Invisibility
}: 2/15 runes: decaying, gossamer


You were on level 2 of the Vaults.
You worshipped Gozag.
Gozag was noncommittal.
You were not hungry.

You visited 8 branches of the dungeon, and saw 37 of its levels.
You also visited: Labyrinth and Ice Cave.

You collected 13588 gold pieces.
You spent 6509 gold pieces at shops.
You paid 4295 gold pieces to Gozag.

Inventory:

Hand Weapons
 a - the +9 short sword of Absolution (weapon) {pierce, rC- MR+ MP+9}
   (You took it off a deep elf high priest on level 3 of the Elven Halls)

   It inflicts extra damage upon your enemies.
   It makes you vulnerable to cold.
   It affects your resistance to hostile enchantments.
   It affects your magic capacity (+9).
 s - a +3 rapier of electrocution
 w - a +4 blowgun
Missiles
 e - 115 poisoned needles
 O - a curare-tipped needle {!*}
Armour
 u - a +2 cloak of invisibility (worn)
 K - the +2 buckler "Cufigguw" (worn) {rN+}
   (You took it off a deep elf annihilator on level 3 of the Elven Halls)

   It protects you from negative energy.
 M - a +2 robe of resistance (worn)
 P - a +2 hat (worn)
Rods
 y - a +6 rod of clouds (11/11)
   (You took it off a deep elf demonologist on level 3 of the Elven Halls)
Jewellery
 j - a cursed ring of teleportation
 l - a +3 amulet of reflection (around neck)
 n - the ring "Fodwew" (left hand) {MR+ MP+9 Str+2 Dex+3 Slay+2}
   (You bought it in a shop on level 15 of the Dungeon)

   [ring of strength]

   It affects your strength (+2).
   It affects your dexterity (+3).
   It affects your accuracy and damage with ranged weapons and melee attacks
   (+2).
   It affects your resistance to hostile enchantments.
   It affects your magic capacity (+9).
 t - an uncursed amulet of regeneration
 T - a ring of poison resistance (right hand)
Wands
 c - a wand of paralysis (5/24)
 x - a wand of confusion (24/48)
 J - a wand of paralysis (3/24)
 L - a wand of confusion (19/48)
 V - a wand of digging (9/24)
 Y - a wand of disintegration (6/24)
Scrolls
 b - a scroll of blinking
 d - a scroll of immolation
 h - 8 scrolls of teleportation
 q - 7 scrolls of fog
 r - 4 scrolls of magic mapping
 z - 7 scrolls of fear
 A - 7 scrolls of remove curse
 G - 4 scrolls of recharging
 I - a scroll of identify
Potions
 k - a potion of cancellation
 o - a potion of invisibility
 p - 9 potions of curing
 v - 2 potions of flight
 E - 5 potions of ambrosia
Miscellaneous
 f - a disc of storms
 m - a fan of gales (inert)
 F - a phial of floods (inert)
 U - a stone of tremors (inert)
Comestibles
 g - 23 bread rations
 i - a slice of pizza


   Skills:
 - Level 9.0(8.9) Fighting
 - Level 12.0 Short Blades
 - Level 2.0(1.9) Throwing
 + Level 18.6 Dodging
 + Level 21.6 Stealth
 * Level 12.3(12.2) Shields
 - Level 11.0 Spellcasting
 - Level 7.0 Conjurations
 - Level 7.0(6.9) Air Magic
 - Level 21.6 Evocations


You had 11 spell levels left.
You knew the following spells:

 Your Spells              Type           Power        Failure   Level  Hunger
a - Apportation           Tloc           #.........   12%         1    None
b - Blink                 Tloc           N/A          14%         2    None
c - Repel Missiles        Chrm/Air       ###...       3%          2    None
d - Mephitic Cloud        Conj/Pois/Air  ###.....     4%          3    None
e - Conjure Flame         Conj/Fire      ###.....     10%         3    None
f - Shroud of Golubria    Chrm/Tloc      #.........   14%         2    None
g - Song of Slaying       Chrm           #.......     14%         2    None
h - Regeneration          Chrm/Necr      #.........   30%         3    None
i - Vampiric Draining     Necr           #.........   30%         3    None
j - Spectral Weapon       Hex/Chrm       #.......     30%         3    None
k - Summon Butterflies    Summ           #.......     12%         1    None
l - Cause Fear            Hex            #.........   87%         4    ###....


Dungeon Overview and Level Annotations

Branches:
Dungeon (15/15)            Temple (1/1) D:4            Lair (6/8) D:11
  Swamp (4/4) Lair:3       Spider (4/4) Lair:3          Orc (2/2) D:11
    Elf (3/3) Orc:2        Vaults (2/5) D:13         Depths (0/5) D:15
  Slime: Lair:6-8     Crypt: Vaults:2-3

Altars:
Ashenzari
Cheibriados
Dithmenos
Elyvilon
Fedhas
Gozag
Kikubaaqudgha
Makhleb
Nemelex Xobeh
Okawaru
Pakellas
Qazlal
Ru
Sif Muna
Trog
Vehumet
Xom
Yredelemnul
Zin
The Shining One
Beogh

Shops:
D:8 *   D:10 [   D:14 %   D:15 =([[   Orc:2 [:?}   Elf:1 =   Elf:3 (

Portals:
Trove: D:13 (give 14 potions of curing)

Annotations:
D:14 exclusion: 2 doors
Elf:1 exclusion: Roxanne, Roxanne
Elf:2 3 runed doors
Vaults:2 Xtahua


Innate Abilities, Weirdness & Mutations

You are tiny and cannot use many weapons and most armour.
You have supernaturally acute eyesight.
You are a herbivore.
You cover ground extremely quickly.
You need consume almost no food.
Your mind is acute. (Int +2)
You occasionally shout uncontrollably at your foes.


Message History

You hit Xtahua.
Xtahua is moderately wounded.
You hit Xtahua.
Xtahua is moderately wounded.
Xtahua bites you!! Xtahua completely misses you. You block Xtahua's attack.
Xtahua breathes flames at you. The searing blast hits you! You resist.
* * * LOW HITPOINT WARNING * * *
You see here a giant spiked club.
The two-headed ogre is distracted by the nearby gold.
You now have 2784 gold pieces (gained 7).
You see here a dire flail of draining.
A fire giant comes into view.
It is wielding a great sword of flaming.
Xtahua breathes flames at you. The searing blast hits you! You resist.
* * * LOW HITPOINT WARNING * * *
There is a stone staircase leading up here.
You are engulfed in roaring flames.
You resist.
You die...
Your body crumbles into a pile of gold.

.. ... ...## #######
## .C.'.# #.'....#..
..'.. ..#....#.
#..#####..#....'
#.#.....#.#....#######
##.$.@).)##....#.....
#.#...$.#D###$##..#
#..#####$.'.OO.$..#
#..#####..#####$..#
#.#(....#.# #...'..#
##.......## #...#..#
##.....## #.#'# ##
##'##'### O.#..
#....##.......# #.#...


You could see Xtahua and a fire giant (wandering).

Vanquished Creatures
  Mennas (Vaults:2)
  Norris (Vaults:2)
  Arachne (Spider:2)
  An Ice Fiend (IceCv)
  2 deep elf master archers (Elf:3)
  2 deep elf blademasters (Elf:3)
  Frances (Spider:2)
  A thorn hunter (Swamp:4)
  7 vault wardens
  7 deep elf sorcerers
  A deep elf elementalist (Elf:3)
  Louise (Elf:1)
  3 emperor scorpions (Spider:4)
  3 ironheart preservers
  2 stone giants
  Azrael (D:14)
  3 deep elf annihilators (Elf:3)
  7 deep elf demonologists (Elf:3)
  A spark wasp (Spider:4)
  7 deep elf death magi (Elf:3)
  Josephine (Orc:1)
  A minotaur (Lab)
  4 vault guards
  2 deep elf high priests
  2 yaktaur captains
  A great orb of eyes (Vaults:1)
  Fannar (Lair:1)
  12 hydras
  A rakshasa (Vaults:1)
  3 centaur warriors
  Erica (D:10)
  2 ghost crabs
  An ogre mage (Vaults:1)
  A catoblepas (Lair:3)
  A queen ant (Lair:5)
  An alligator (Swamp:1)
  Urug (Lair:3)
  2 deep troll shamans (Vaults:1)
  An orc high priest (Orc:2)
  14 deep elf knights
  A spectral emperor scorpion (Spider:4)
  4 unseen horrors
  A fire crab (Vaults:1)
  3 skeletal warriors (Vaults:2)
  3 death scarabs (Spider:4)
  A deep troll (Vaults:1)
  A giant orange brain (Vaults:1)
  A swamp dragon (Swamp:4)
  11 deep elf archers
  3 hill giants
  2 spectral wolf spiders (Spider:4)
  A shambling mangrove (Swamp:2)
  4 orc knights
  Pikel (D:9)
  A wolf spider zombie (Spider:4)
  2 harpies (shapeshifter)
  2 ironbrand convokers (Vaults:1)
  4 hornets
  7 orb spiders
  8 orc sorcerers
  An oklob plant (Lair:4)
  7 cyclopes
  A manticore (D:15)
  12 ugly things
  50 deep elf magi
  6 wolf spiders
  A wizard (D:14)
  16 elephants
  An octopode (shapeshifter) (D:15)
  2 moths of wrath (Spider:4)
  An elephant (shapeshifter) (Vaults:1)
  4 black mambas
  Psyche (D:9)
  6 vault sentinels
  An ice statue (IceCv)
  9 spiny frogs
  2 gargoyles
  3 kobold demonologists
  3 spectral redbacks
  21 yaktaurs
  2 demonic crawlers
  5 komodo dragons
  8 freezing wraiths
  2 anaconda simulacra (IceCv)
  A rime drake (Lair:3)
  A redback zombie (Spider:4)
  A golden dragon simulacrum (IceCv)
  5 ice devils (IceCv)
  16 jumping spiders
  9 two-headed ogres
  A polar bear (shapeshifter) (Vaults:1)
  4 trolls
  3 giant leeches (Swamp:4)
  5 spectral jumping spiders (Spider:4)
  Prince Ribbit (D:7)
  2 spectral tarantellas (Spider:4)
  2 spectral hornets (Spider:4)
  12 blink frogs (Lair:2)
  15 slime creatures
  A hornet zombie (D:15)
  A fire giant simulacrum (Vaults:1)
  3 bog bodies
  3 boulder beetles
  A tarantella zombie (Spider:4)
  A tarantella (shapeshifter) (Vaults:1)
  4 air elementals
  20 yaks
  2 spriggans
  A wyvern (D:15)
  2 water elementals
  16 redbacks
  A basilisk (shapeshifter) (Elf:2)
  23 tarantellas
  2 vampires
  14 fire elementals
  A hungry ghost (D:15)
  Grum (D:8)
  A dire elephant simulacrum (IceCv)
  10 wraiths
  4 hippogriffs
  19 vampire mosquitoes
  2 basilisks
  16 swamp worms
  5 insubstantial wisps (Swamp:4)
  4 harpy simulacra (IceCv)
  2 iron troll simulacra (IceCv)
  A warg (Orc:2)
  6 soldier ants
  A soldier ant (shapeshifter) (Vaults:1)
  14 water moccasins
  4 hydra simulacra (IceCv)
  A hell hound (shapeshifter) (Vaults:1)
  21 orc warriors
  A swamp drake (Swamp:4)
  4 phantoms
  13 ice beasts
  8 porcupines
  5 black bears
  14 wasps
  21 ogres
  3 sky beasts
  A slave (D:9)
  A black bear (shapeshifter) (D:15)
  5 boggarts (Vaults:1)
  An ettin simulacrum (IceCv)
  2 alligator simulacra (IceCv)
  10 centaurs
  3 wolves
  11 crocodiles
  The ghost of Liam the Magician, an amateur HEWz (D:4)
  2 big kobolds
  2 gnoll sergeants (D:6)
  12 giant frogs
  3 earth elementals
  A wyvern zombie (D:11)
  A wyvern skeleton (D:14)
  9 scorpions
  14 killer bees
  A water moccasin skeleton (D:9)
  3 troll zombies (D:11)
  4 electric eels
  12 crimson imps
  A giant frog zombie (D:9)
  2 centaur zombies
  2 draconian simulacra (IceCv)
  A quasit (D:7)
  9 hounds
  18 orc priests
  35 orc wizards
  2 centaur skeletons
  5 giant frog skeletons
  2 gnoll shamans (D:6)
  2 jellies
  Crazy Yiuf (D:7)
  8 iguanas
  20 worker ants
  A troll simulacrum (IceCv)
  3 spriggan simulacra (IceCv)
  A wolf simulacrum (IceCv)
  9 sheep
  A killer bee zombie (D:10)
  A centaur simulacrum (IceCv)
  5 ogre zombies (D:11)
  A mummy (D:4)
  Robin (D:4)
  6 gnolls (D:6)
  5 naga simulacra (IceCv)
  10 adders
  40 river rats
  5 shadow imps
  2 white imps
  4 ufetubi
  An ooze (D:2)
  2 adder zombies
  7 worms
  2 dart slugs
  7 giant geckos
  61 orcs
  4 giant cockroaches
  13 goblins
  12 hobgoblins
  4 jackals (D:11)
  24 kobolds
  4 quokkas
  5 bats
  6 giant newts
  A goblin skeleton (D:11)
  6 goblin zombies (D:11)
  A hobgoblin skeleton (D:11)
  3 hobgoblin zombies (D:4)
  An orc skeleton (D:11)
  17 orc zombies
  6 rats
  A fungus (Lair:4)
1177 creatures vanquished.

Vanquished Creatures (collateral kills)
  Gastronok (Lair:2)
  2 thorn hunters
  Kirke (Swamp:4)
  A ghost moth (Spider:4)
  A stone giant (Vaults:2)
  A deep elf annihilator (Elf:3)
  A spark wasp (Spider:4)
  5 hydras
  A ghost crab (Swamp:4)
  A dancing weapon (Elf:3)
  A death scarab (Spider:4)
  A skeletal warrior (Vaults:2)
  A deep troll (Vaults:1)
  6 swamp dragons (Swamp:4)
  A spectral wolf spider (Spider:4)
  3 wolf spiders
  3 deep elf magi (Elf:1)
  4 ugly things (Vaults:1)
  2 hornets
  4 kobold demonologists
  A demonic crawler (Spider:4)
  A spectral redback (Spider:4)
  A boulder beetle (Vaults:2)
  2 bog bodies (Swamp:4)
  4 redbacks
  4 tarantellas
  An insubstantial wisp (Swamp:4)
  4 swamp drakes (Swamp:4)
  A sky beast (D:12)
  2 wasps (Swamp:4)
  An orc warrior (D:12)
  An ogre (Vaults:2)
  A big kobold (D:12)
  4 kobolds
  A bush (Lair:4)
70 creatures vanquished.

Vanquished Creatures (others)
  11 dancing weapons
  A spriggan (Swamp:4)
  A spiny frog (Swamp:4)
  A yaktaur (Vaults:2)
  A blink frog (Lair:2)
  3 humans (Swamp:4)
  An insubstantial wisp (Swamp:4)
  A swamp drake (Swamp:4)
  A slave (D:9)
  A wasp (Swamp:4)
  An iguana (D:9)
  A white imp (IceCv)
  4 ufetubi (IceCv)
  A fungus (Lair:3)
  A spectral weapon (Swamp:2)
30 creatures vanquished.

Grand Total: 1277 creatures vanquished

Notes
Turn   | Place    | Note
--------------------------------------------------------------
     0 | D:1      | Chiseanne the Spriggan Assassin began the quest for the Orb.
     0 | D:1      | Reached XP level 1. HP: 10/10 MP: 2/2
    68 | D:1      | Found a shimmering altar of Xom.
   611 | D:1      | Reached XP level 2. HP: 14/14 MP: 3/3
  1143 | D:2      | Reached XP level 3. HP: 16/18 MP: 4/4
  1697 | D:2      | Reached XP level 4. HP: 19/22 MP: 5/5
  2595 | D:3      | Noticed a phantom
  2626 | D:4      | Noticed an ogre
  2633 | D:4      | Killed an ogre
  2633 | D:4      | Reached skill level 1 in Shields
  2633 | D:4      | Reached XP level 5. HP: 25/25 MP: 6/6
  2699 | D:4      | Noticed Robin
  2755 | D:4      | Killed Robin
  3114 | D:4      | Found a staircase to the Ecumenical Temple.
  3137 | D:4      | Reached XP level 6. HP: 30/30 MP: 7/7
  3159 | Temple   | Entered the Ecumenical Temple
  3353 | D:4      | Found a sparkling altar of Nemelex Xobeh.
  3359 | D:4      | Found a stormy altar of Qazlal.
  3363 | D:4      | Found a shadowy altar of Dithmenos.
  3365 | D:4      | Noticed Liam's ghost (amateur HEWz)
  3368 | D:4      | Found a blossoming altar of Fedhas.
  3372 | D:4      | Found an opulent altar of Gozag.
  3376 | D:4      | Became a worshipper of Gozag Ym Sagoz the Greedy
  3382 | D:4      | Found an oddly glowing altar of Pakellas.
  3386 | D:4      | Found an iron altar of Okawaru.
  3534 | D:4      | Killed Liam's ghost
  3648 | D:5      | Entered Level 5 of the Dungeon
  3679 | D:5      | Noticed an ice beast
  3756 | D:5      | Found an iron altar of Okawaru.
  3927 | D:5      | Reached skill level 5 in Dodging
  3961 | D:5      | Reached XP level 7. HP: 33/33 MP: 8/8
  4204 | D:6      | Reached skill level 10 in Stealth
  4330 | D:6      | Reached XP level 8. HP: 21/37 MP: 9/9
  4673 | D:6      | Found Xoamuosk's Magic Scroll Boutique.
  4697 | D:6      | Reached skill level 5 in Short Blades
  4806 | D:6      | Bought a scroll of noise for 13 gold pieces
  4806 | D:6      | Bought a scroll of torment for 97 gold pieces
  4806 | D:6      | Bought a scroll of identify for 26 gold pieces
  4806 | D:6      | Bought a scroll of holy word for 97 gold pieces
  4806 | D:6      | Bought a scroll of blinking for 97 gold pieces
  5745 | D:6      | Bought a scroll of enchant weapon for 97 gold pieces
  6099 | D:6      | Reached XP level 9. HP: 31/41 MP: 10/10
  6588 | D:6      | Bought a scroll of amnesia for 45 gold pieces
  6588 | D:6      | Bought a scroll of recharging for 123 gold pieces
  6588 | D:6      | Bought a scroll of enchant armour for 97 gold pieces
  6687 | D:7      | Noticed Crazy Yiuf
  6737 | D:7      | Killed Crazy Yiuf
  6993 | D:7      | Noticed Prince Ribbit
  7000 | D:7      | Killed Prince Ribbit
  7378 | D:7      | Reached XP level 10. HP: 44/58 MP: 11/11
  7551 | D:8      | Found Nafeid's Demolitions Depot.
  8416 | D:8      | Noticed Grum
  8499 | D:8      | Killed Grum
  8707 | D:9      | Noticed Psyche
  8712 | D:9      | Killed Psyche
  8712 | D:9      | Reached XP level 11. HP: 62/62 MP: 12/12
  9019 | D:9      | Noticed Pikel
  9054 | D:9      | Killed Pikel
  9054 | D:9      | Reached skill level 10 in Dodging
  9620 | D:10     | Entered Level 10 of the Dungeon
  9698 | D:10     | Reached skill level 15 in Stealth
  9779 | D:10     | Noticed Erica
  9820 | D:10     | Killed Erica
  9820 | D:10     | Reached skill level 5 in Shields
 10665 | D:11     | Found a labyrinth entrance.
 10665 | D:11     | Noticed a red ugly thing
 10678 | Lab      | Entered a labyrinth
 10962 | Lab      | Noticed a minotaur
 11019 | Lab      | Killed a minotaur
 11085 | Lab      | Got a glittering marble ring
 11087 | Lab      | Identified the ring "Qiapluh" {Str+2 Dex+3} (You found it in a labyrinth)
 11169 | D:11     | Killed a red ugly thing
 11287 | D:11     | Found an oddly glowing altar of Pakellas.
 11326 | D:11     | Found a staircase to the Orcish Mines.
 11495 | D:11     | Noticed a cyan ugly thing
 11618 | D:11     | Killed a cyan ugly thing
 11892 | D:11     | Found a staircase to the Lair.
 13106 | D:12     | Reached XP level 12. HP: 40/66 MP: 13/13
 13319 | D:12     | Noticed an eight-headed hydra
 13361 | D:12     | Killed an eight-headed hydra
 14046 | Orc:1    | Entered Level 1 of the Orcish Mines
 14679 | D:8      | Bought a manual of Evocations for 1324 gold pieces
 14869 | Orc:1    | Reached skill level 5 in Evocations
 15245 | Orc:1    | Noticed Josephine
 15322 | Orc:1    | Reached skill level 10 in Evocations
 15359 | Orc:1    | Noticed a stone giant
 15386 | Orc:1    | Killed a stone giant
 15677 | Orc:1    | Killed Josephine
 15677 | Orc:1    | Reached XP level 13. HP: 55/70 MP: 24/24
 16011 | Orc:2    | Entered Level 2 of the Orcish Mines
 16116 | Orc:2    | Found a staircase to the Elven Halls.
 16323 | Orc:2    | Found a roughly hewn altar of Beogh.
 16548 | Orc:2    | Reached skill level 15 in Evocations
 16981 | Orc:2    | Found Umoah's Magic Scroll Emporium.
 16983 | Orc:2    | Found Buubec's Antique Armour Shoppe.
 16989 | Orc:2    | Found Hekhlaf's Book Shoppe.
 16997 | Orc:2    | Found Jiykkile's Gadget Emporium.
 17063 | Orc:2    | Bought 2 scrolls of identify for 40 gold pieces
 17063 | Orc:2    | Bought a scroll of summoning for 95 gold pieces
 17063 | Orc:2    | Bought a scroll of fear for 35 gold pieces
 17066 | Orc:2    | Bought a transparent robe for 176 gold pieces
 17066 | Orc:2    | Bought a runed cloak for 139 gold pieces
 17071 | Orc:2    | Identified the cursed +0 robe of Susar {rF+ rC++ Str+4 Int-2} (You bought it in a shop on level 2 of the Orcish Mines)
 17604 | D:8      | Bought a fan of gales for 480 gold pieces
 17795 | D:13     | Found a portal to a secret trove of treasure.
 18308 | D:13     | Found a gate to the Vaults.
 18308 | D:13     | Noticed a vault guard
 18332 | D:13     | Killed a vault guard
 18332 | D:13     | Reached skill level 10 in Short Blades
 18802 | D:13     | Learned a level 1 spell: Apportation
 18880 | D:15     | Entered Level 15 of the Dungeon
 19055 | D:15     | Found a staircase to the Depths.
 19910 | D:15     | Reached XP level 14. HP: 73/75 MP: 27/27
 20878 | D:14     | Learned a level 2 spell: Blink
 20881 | D:14     | Learned a level 2 spell: Repel Missiles
 20934 | D:14     | Found a sacrificial altar of Ru.
 21123 | D:15     | Bought a shimmering short sword for 232 gold pieces
 21123 | D:15     | Bought a runed blowgun for 72 gold pieces
 21125 | D:15     | Identified the cursed +1 short sword of Action {freeze, rC+ Str+3 Stlth+} (You bought it in a shop on level 15 of the Dungeon)
 21282 | D:14     | Found Yskusuus's Food Shop.
 21290 | D:14     | Bought a bread ration for 50 gold pieces
 21290 | D:14     | Bought a bread ration for 50 gold pieces
 21290 | D:14     | Bought a slice of pizza for 15 gold pieces
 21290 | D:14     | Bought a slice of pizza for 15 gold pieces
 21741 | D:14     | Noticed Azrael
 21744 | D:14     | Killed Azrael
 22041 | Lair:1   | Entered Level 1 of the Lair of Beasts
 22123 | Lair:1   | Reached skill level 1 in Spellcasting
 22180 | Lair:1   | Noticed Fannar
 22188 | Lair:1   | Killed Fannar
 22450 | Lair:1   | Learned a level 3 spell: Mephitic Cloud
 22796 | Lair:1   | Reached skill level 5 in Spellcasting
 23736 | Lair:2   | Noticed Gastronok
 23767 | Lair:2   | Killed Gastronok
 24393 | Lair:3   | Found a hole to the Spider Nest.
 24814 | Lair:3   | Noticed Urug
 24833 | Lair:3   | Killed Urug
 24833 | Lair:3   | Reached skill level 1 in Air Magic
 24878 | Lair:3   | Found a staircase to the Swamp.
 26189 | Lair:4   | Reached skill level 5 in Air Magic
 26590 | Lair:5   | Reached XP level 15. HP: 47/79 MP: 29/29
 27940 | Lair:6   | Got a wizard robe
 27941 | Lair:6   | Identified the +2 robe of Rinutooda {Str+10} (You found it on level 6 of the Lair of Beasts)
 28280 | D:15     | Bought a +1 cloak of magic resistance for 247 gold pieces
 28283 | D:15     | Bought a cursed ring of teleportation for 58 gold pieces
 28283 | D:15     | Bought a cursed ring of loudness for 58 gold pieces
 28298 | D:15     | Bought the ring "Fodwew" {MR+ MP+9 Str+2 Dex+3 Slay+2} for 452 gold pieces
 28298 | D:15     | Bought a +3 amulet of reflection for 325 gold pieces
 28369 | D:15     | Learned a level 3 spell: Conjure Flame
 28537 | Elf:1    | Entered Level 1 of the Elven Halls
 28550 | Elf:1    | Reached skill level 1 in Conjurations
 28568 | Elf:1    | Found a radiant altar of Vehumet.
 28800 | Elf:1    | Noticed a deep elf sorcerer
 28816 | Elf:1    | Killed a deep elf sorcerer
 28897 | Elf:1    | Found a deep blue altar of Sif Muna.
 28977 | Elf:1    | Reached skill level 5 in Conjurations
 29196 | Elf:1    | Found Xaun's Jewellery Shoppe.
 29215 | Elf:1    | Noticed Louise
 29221 | Elf:1    | Killed Louise
 29278 | Elf:1    | Noticed Roxanne
 29662 | Elf:1    | Bought an uncursed amulet of regeneration for 390 gold pieces
 30516 | Elf:2    | Found a runed gate.
 30516 | Elf:2    | Found a runed gate.
 30516 | Elf:2    | Found a runed gate.
 30592 | Elf:2    | Reached skill level 10 in Spellcasting
 30648 | Elf:2    | Gained mutation: Your mind is acute. (Int +2) [potion of beneficial mutation]
 30825 | Elf:2    | Got a bound ruby amulet
 30829 | Elf:2    | Identified the amulet "Jyli" {+Rage rF+ Dex-3 SInv} (You found it on level 2 of the Elven Halls)
 30882 | Elf:2    | Reached XP level 16. HP: 66/84 MP: 31/31
 31193 | Elf:2    | Learned a level 2 spell: Shroud of Golubria
 31196 | Elf:2    | Learned a level 2 spell: Song of Slaying
 31477 | Elf:3    | Entered Level 3 of the Elven Halls
 31731 | Elf:3    | Found Lauk's Weapon Boutique.
 32326 | Elf:3    | Noticed a deep elf blademaster
 32515 | Elf:3    | Noticed a deep elf blademaster
 32546 | Elf:3    | Killed a deep elf blademaster
 32554 | Elf:3    | HP: 2/84 [ghostly deep elf blademaster/rapier (5)]
 32660 | Elf:3    | Killed a ghostly deep elf blademaster
 32730 | Elf:3    | Noticed a deep elf master archer
 32733 | Elf:3    | Noticed an Executioner
 32892 | Elf:3    | Gained mutation: You occasionally shout uncontrollably at your foes. [a cacodemon]
 32998 | Elf:3    | Noticed a deep elf master archer
 32998 | Elf:3    | Killed a deep elf master archer
 33028 | Elf:3    | Killed a deep elf master archer
 33031 | Elf:3    | Noticed a Hell Sentinel
 33088 | Elf:3    | Got a shimmering short sword {pierce}
 33130 | Elf:3    | Identified the +9 short sword of Absolution {pierce, rC- MR+ MP+9} (You took it off a deep elf high priest on level 3 of the Elven Halls)
 33210 | Elf:3    | Noticed an Ice Fiend
 33218 | Elf:3    | Killed a deep elf blademaster
 33591 | Elf:3    | Identified a +6 rod of clouds (11/11) (You took it off a deep elf demonologist on level 3 of the Elven Halls)
 33599 | Elf:3    | Learned a level 3 spell: Regeneration
 33603 | Elf:3    | Learned a level 3 spell: Vampiric Draining
 33612 | Elf:3    | Got a distressingly furry buckler
 33613 | Elf:3    | Identified the +2 buckler "Cufigguw" {rN+} (You took it off a deep elf annihilator on level 3 of the Elven Halls)
 33792 | Elf:3    | Identified the Reference Book on Sinister Rites and Augmentations
 33839 | Elf:3    | Identified Banafaps's Advanced Wizardry (You found it on level 3 of the Elven Halls)
 33845 | Elf:3    | Learned a level 3 spell: Spectral Weapon
 33847 | Elf:3    | Got a smoking brass amulet
 33848 | Elf:3    | Identified the amulet of Wegot {Inacc MR+++} (You found it on level 3 of the Elven Halls)
 33919 | Elf:3    | Learned a level 1 spell: Summon Butterflies
 34076 | Elf:3    | Identified Moutyfam's Compendium of Doomed Confrontation (You found it on level 3 of the Elven Halls)
 34085 | Elf:3    | Learned a level 4 spell: Cause Fear
 34719 | Swamp:1  | Entered Level 1 of the Swamp
 34835 | Swamp:1  | Reached XP level 17. HP: 84/87 MP: 33/33
 34982 | Swamp:4  | Entered Level 4 of the Swamp
 35446 | Swamp:4  | Reached skill level 15 in Dodging
 36061 | Swamp:4  | Reached skill level 10 in Shields
 36332 | Swamp:4  | Noticed Kirke
 36345 | Swamp:4  | Killed Kirke
 36533 | Swamp:4  | Got a decaying rune of Zot
 36784 | Spider:1 | Entered Level 1 of the Spider Nest
 37864 | Spider:2 | Noticed Arachne
 37865 | Spider:2 | Noticed Frances
 37869 | Spider:2 | Killed Arachne
 37887 | Spider:2 | Killed Frances
 37962 | Spider:2 | Found a frozen archway.
 37975 | IceCv    | Entered an ice cave
 39112 | IceCv    | Noticed an Ice Fiend
 39153 | IceCv    | Killed an Ice Fiend
 39799 | Spider:4 | Entered Level 4 of the Spider Nest
 40306 | Spider:4 | Reached XP level 18. HP: 92/92 MP: 6/34
 40822 | Spider:4 | Got a gossamer rune of Zot
 41653 | D:8      | Bought a manual of Evocations for 1324 gold pieces
 41653 | D:8      | Bought a disc of storms for 240 gold pieces
 41807 | Vaults:1 | Entered Level 1 of the Vaults
 44003 | Vaults:1 | Identified a scroll of acquirement
 44005 | Vaults:1 | Got a heavy robe
 44008 | Vaults:1 | Identified the +0 robe of the Desert {rPois} (You acquired it on level 1 of the Vaults)
 44084 | Vaults:1 | Wingboner: " I absolve you from your sins in the name of the stab, and of the +9, and of the piercing. RIP."
 44117 | Vaults:1 | Chiseanne: ?
 44124 | Vaults:1 | Chiseanne: oh lol
 44124 | Vaults:1 | Chiseanne: got it
 44124 | Vaults:1 | Chiseanne: :D
 44220 | Vaults:2 | Noticed Mennas
 44221 | Vaults:2 | Killed Mennas
 44285 | Vaults:2 | Noticed Norris
 44297 | Vaults:2 | Killed Norris
 44833 | Vaults:2 | Reached XP level 19. HP: 59/96 MP: 35/35
 45305 | Vaults:2 | Noticed Xtahua
 45339 | Vaults:2 | HP: 2/96 [Xtahua/searing blast (21)]
 45340 | Vaults:2 | Engulfed by Xtahua's flame

Vault maps used:
D:1:      dpeg_arrival_stone_temple_mockup, xom_teletrap_fun
D:2:      supply_closet_lemuel, serial_park_tiny_2, serial_bayou_pond_e
D:3:      first_bread
D:4:      grunt_temple_overflow_octagram, minmay_temple_entry_overgrown,
          minmay_mini_ossuary, uniq_robin
D:5:      basic_altar, hangedman_decor_riveting
D:6:      kennysheep_housing_project, serial_shops, shop
D:7:      the_bakery, uniq_crazy_yiuf_cottage, uniq_prince_ribbit1
D:8:      minmay_misc_feat_nine_boxes, nicolae_blasting_shop, uniq_grum
D:9:      uniq_psyche, uniq_pikel
D:10:     minivault_22, minmay_misc_feat_encased, roderic_st_hans_cross,
          uniq_erica
D:11:     david_lair_generic, zombieorc2_lemuel, lab_entry_generic,
          johnstein_pakellas_death_squad
D:12:     spider_trap
D:13:     minmay_weird_star, david_vaults_5, enter_trove_1, hive_lemuel
D:14:     nicolae_ru_sacrificial_ziggurat, serial_shops, nicolae_shop_trees,
          minmay_misc_feat_pillars, minmay_guarded_unrand_flaming_death
D:15:     grunt_enter_depths_snipers, hangedman_abyss_or_decor_lesser_grid,
          nicolae_benzene_ring
Temple:   water_room_temple_b_12
Lair:1:   serial_bayou_ford_a, uniq_fannar
Lair:2:   lemuel_old_faithful, uniq_gastronok
Lair:3:   nicolae_swamp_entry_splash_gauntlet, nicolae_spider_entry_non_spiders,
          lemuel_fruit_tree, serial_bayou_shore_b, uniq_urug
Lair:4:   minmay_lair_oklob_bushes
Lair:5:   wad_woods_antlair, serial_bayou_shore_a
Lair:6:   grunt_megastairs_2, infiniplex_staircase_pool_2
Swamp:1:  basic_altar
Swamp:2:  evilmike_swamp_ruin_house_3
Swamp:3:  serial_swamp_ruin, evilmike_swamp_ruin_house_4,
          evilmike_swamp_ruin_rubble_1, evilmike_swamp_ruin_rubble_2, uniq_aizul
Swamp:4:  swamp, infiniplex_staircase_pool, uniq_kirke
Spider:2: portal_ice_cave_entry_ice_beasts, uniq_arachne, uniq_frances,
          uniq_nikola
Spider:4: floodkiller_spider_rune_tomb
Orc:1:    elves_outpost_lemuel, uniq_josephine
Orc:2:    st_orc_mages, mines1_david
Elf:1:    eino_elf_arrival_altar, basic_altar, serial_shops,
          nicolae_shop_crystal, kennysheep_underground_church,
          serial_sigils_hangedman_stare, amethyst_killhole, uniq_louise,
          uniq_roxanne
Elf:2:    spider_trap
Elf:3:    elf_hall, serial_shops, shop_statue
Vaults:1: v_misc_19, v_pattern_4, nicolae_vaults_border_crossing,
          nicolae_vaults_little_squares_5, v_misc_14, v_misc_29, v_misc_8,
          serial_ice_h, v_rooms_4, hangedman_vaults_cutoff, ontoclasm_vaults_eye
Vaults:2: ontoclasm_vaults_shuriken, v_misc_33, v_rooms_3,
          nicolae_vaults_big_angled_halls, minmay_crypt_entry_simple_box,
          v_misc_27, nicolae_vaults_sealed_display, nicolae_vaults_puzzle_piece,
          vaults_room_hangedman_quadrants, vaults_mumra_lcd, uniq_margery,
          uniq_norris, uniq_mennas, uniq_xtahua
Lab:      labyrinth_spiral, labyrinth_skeletal_remains, nicolae_lab_plus,
          nicolae_lab_lava
IceCv:    ice_cave_caverns_03

Skill      XL: |  1  2  3  4  5  6  7  8  9 10 11 12 13 14 15 16 17 18 |
---------------+-------------------------------------------------------+-----
Stealth        | 6 7 8 9 10 12 13 14 16 17 19 21 | 21.6
Dodging        | 2 3 4 5 6 7 9 11 12 14 17 18 | 18.6
Short Blades   | 3 4 6 7 8 9 12 | 12.0
Shields        | 1 2 3 4 5 6 8 9 11 12 | 12.3
Fighting       | 9 |  9.0
Evocations     | 14 17 21 | 21.6
Spellcasting   | 9 10 11 | 11.0
Air Magic      | 5 7 |  7.0
Conjurations   | 7 |  7.0
Throwing       | |  2.0

Action                   |  1- 3 |  4- 6 |  7- 9 | 10-12 | 13-15 | 16-18 | 19-21 || total
-------------------------+-------+-------+-------+-------+-------+-------+-------++-------
Melee: Dagger            |    95 |   148 |   102 |       |   152 |       |       ||   497
       Short sword       |       |       |   208 |   990 |   804 |  1347 |   116 ||  3465
       Falchion          |       |       |       |     1 |     1 |       |       ||     2
       Rapier            |       |       |       |       |   841 |   560 |       ||  1401
 Fire: Blowgun           |       |    21 |    53 |   228 |    77 |    63 |       ||   442
Throw: Tomahawk          |       |       |       |     1 |       |       |       ||     1
       Throwing net      |       |       |       |       |       |     3 |       ||     3
 Cast: Mephitic Cloud    |       |       |       |       |    44 |    57 |       ||   101
       Repel Missiles    |       |       |       |       |     1 |     1 |       ||     2
       Blink             |       |       |       |       |     1 |       |       ||     1
       Apportation       |       |       |       |       |     4 |     4 |       ||     8
       Shroud of Golubri |       |       |       |       |       |     1 |     1 ||     2
       Spectral Weapon   |       |       |       |       |       |     1 |     1 ||     2
Invok: Potion Petition   |       |       |     1 |       |       |     1 |       ||     2
       Call Merchant     |       |       |       |     1 |     3 |     1 |       ||     5
 Abil: Evoke Invisibilit |       |       |       |       |       |     3 |       ||     3
Evoke: Wand              |       |       |     2 |    41 |    67 |    51 |       ||   161
       Stone of tremors  |       |       |       |     1 |     2 |     5 |       ||     8
       Phial of floods   |       |       |       |       |     3 |     7 |     1 ||    11
       Fan of gales      |       |       |       |       |       |     6 |       ||     6
       Box of beasts     |       |       |       |       |       |    13 |       ||    13
  Use: Scroll            |     7 |     5 |    12 |    15 |    15 |    15 |       ||    69
       Potion            |       |     1 |     2 |     2 |     8 |    11 |     2 ||    26
 Stab: Sleeping          |    12 |    11 |    13 |    40 |   123 |    43 |       ||   242
       Distracted        |     1 |       |     5 |     8 |    33 |    45 |     2 ||    94
       Invisible         |       |       |     1 |       |       |    15 |       ||    16
       Confused          |       |       |       |     7 |    45 |    41 |       ||    93
       Paralysed         |       |       |       |     5 |    12 |     5 |       ||    22
       Held in net/web   |       |       |       |       |       |     1 |       ||     1
  Eat: Pizza             |       |     3 |       |     1 |     3 |     1 |       ||     8
       Fruit             |       |     2 |       |       |     6 |     9 |       ||    17
       Royal jelly       |       |       |     3 |     1 |     4 |     1 |       ||     9
       Bread ration      |       |       |       |       |       |     1 |       ||     1
